 Dungeon Sprint DCSS version 0.29-a0-857-g9b1aa3ac5b (webtiles) character file.

Game seed: 12946730762951934076

8332 manyhoops the Wrestler (level 11, -7/128 HPs)
             Began as a Troll Berserker on July 17, 2022.
             Was a High Priest of Trog.
             Shot with a bolt by a yaktaur captain (39 damage)
             ... in the Dungeon (Sprint II: "The Violet Keep of Menkaure").
             The game lasted 00:06:23 (706 turns).

manyhoops the Wrestler (Troll Berserker)             Turns: 706, Time: 00:06:24

Health: -7/128     AC:  6    Str: 29    XL:     11   Next: 8%
Magic:  10/10      EV:  9    Int:  3    God:    Trog [*****.]
Gold:   50         SH:  0    Dex:  9    Spells: 10/10 levels left

rFire   + + .      SeeInvis +     - Unarmed
rCold   + . .      Faith    .   (no shield)
rNeg    + . .      Spirit   .   m - +0 troll leather armour
rPois   .          Reflect  .   (helmet restricted)
rElec   .          Harm     .   (no cloak)
rCorr   +          Rampage  .   (gloves unavailable)
Will    ++...      NoTele   +   (boots unavailable)
Stlth   +.........              i - amulet of regeneration
HPRegen 3.71/turn               n - ring of see invisible
MPRegen 0.12/turn               y - ring "Ronimn" {rF++ rC+ rN+ rCorr Str-2}

@: lethally poisoned (-7 -> -7), strong-willed, on berserk cooldown, flying
(expiring), regenerating, slowed, very slow
A: large, unfitting armour, claws 3, regeneration 1, shaggy fur 1, tough skin 1
a: Renounce Religion, Berserk, Trog's Hand, Brothers in Arms


You were in the Dungeon.
You worshipped Trog.
Trog was extremely pleased with you.
You visited 1 branch You collected 1722 gold pieces.
You spent 1672 gold pieces at shops.

Inventory:

Armour
 a - a +0 animal skin
 h - a +2 robe of resistance
 m - a +0 troll leather armour (worn)
Jewellery
 i - an amulet of regeneration (around neck)
 n - a ring of see invisible (left claw)
 y - the ring "Ronimn" (right claw) {rF++ rC+ rN+ rCorr Str-2}
   (You bought it in a shop in the Dungeon)

   [ring of protection from cold]

   Str:       It affects your strength (-2).
   rF:        It greatly protects you from fire.
   rC:        It protects you from cold.
   rN:        It protects you from negative energy.
   rCorr:     It protects you from acid and corrosion.
Scrolls
 g - a scroll of blinking
 j - a scroll of enchant weapon
 p - a scroll of summoning
 r - a scroll of vulnerability
 t - a scroll of enchant armour
 v - a scroll of fog
 w - a scroll of brand weapon
 x - a scroll of magic mapping {unknown}
Potions
 b - a potion of curing
 c - 3 potions of heal wounds
 d - a potion of haste
 e - 5 potions of magic
 f - 4 potions of berserk rage
 k - a potion of might
 l - a potion of ambrosia {unknown}
 o - a potion of attraction
 q - 2 potions of resistance
 s - a potion of flight
 u - a potion of cancellation {unknown}


   Skills:
 + Level 13.7 Fighting
 - Level 2.4 Dodging
 + Level 21.5 Unarmed Combat


You had 10 spell levels left.
You didn't know any spells.
Your spell library was empty.

Dungeon Overview and Level Annotations

Branches:
Dungeon (1/1)

Altars:
Cheibriados
Dithmenos
Elyvilon
Fedhas
Gozag
Hepliaklqana
Kikubaaqudgha
Makhleb
Nemelex Xobeh
Okawaru
Qazlal
Ru
Sif Muna
Trog
Uskayaw
Vehumet
Wu Jian
Xom
Yredelemnul
Zin
The Shining One
Jiyva
Lugonu

Shops:
D [=:!!!?[[:=?[(=

Annotations:
D exclusions: oklob plant and orange crystal statue


Innate Abilities, Weirdness & Mutations

You are too large for most types of armour.
You have claws for hands.
Your natural rate of healing is unusually fast.
You are covered in fur. (AC +1)
You have tough skin. (AC +1)


Message History

You mangle the obsidian statue!!
You destroy the obsidian statue!
Trog accepts your kill.
The ynoxinul disappears in a puff of smoke!
The soul eater disappears in a puff of smoke!
You are engulfed in poison gas.
You are more poisoned.
You feel very sick.
You are engulfed in poison gas.
You are more poisoned.
You feel extremely sick.
You feel a strong urge to attack something.
You are engulfed in poison gas.
You are more poisoned.
You feel extremely sick.
There is an open gate here.
You feel extremely sick.
Which direction?
You slam the gate shut with a bang!
You feel your anger nearly subside.
You are no longer berserk.
You are exhausted.
You feel as though you will be slow longer.
You feel extremely sick.
You hear a shout!
You feel extremely sick.
A yaktaur captain comes into view.
You feel extremely sick.
The yaktaur captain wields a +0 arbalest.
The yaktaur captain shoots a bolt.
The bolt completely misses you.
The yaktaur captain shoots a bolt.
The bolt completely misses you.
You feel very sick.
You feel very sick.
The yaktaur captain shoots a bolt.
The bolt hits you!!
* * * LOW HITPOINT WARNING * * *
You feel very sick.
Your skin crawls.
You feel strong-willed.
You are starting to lose your buoyancy.
You feel sick.
You feel sick.
You feel sick.
The yaktaur captain shoots a bolt.
The bolt hits you!!!
You die...

##§§≈§≈≈≈≈§## ▓▓+▓▓▓▓
+≈≈≈§§§≈°≈≈≈# +○..▓0.
###°§§≈°≈≈≈≈# #°°.▓▓▓
#≈##○○§°≈≈°## #°°.▓≈≈
#####≈≈#+++#+++## #°=▓▓▓
####≈≈≈c....c...# #=)▓.(
..∩#≈≈≈≈.##'##..# #[°▓..
.∩.#≈≈≈≈###..##.#### +.##.#}=▓..
∩.∩#≈≈≈≈#.##..#.@..# ...####▓..
.∩.#≈≈####.#.####..## #..##.#▓..
∩..#≈##.###'###.##..# +..#.)#▓..
...#≈#...##.##...#..# #^.#..#▓[.
...'≈'###'.<.')#.'..####..##†#▓..
...#≈#...##.##...#....###.^.##▓▓▓
▓###≈##.###'###.##......≈≈≈≈≈≈≈≈≈
####≈≈####.#.####§≈.§...§#'######
##≈≈≈#..#..#≈≈≈≈≈≈≈..§#....._.


You could see a yaktaur captain.

Vanquished Creatures
  A kraken (D)
  2 sphinxes (D)
  2 boulder beetles (D)
  2 deep trolls (D)
  An obsidian statue (D)
  A merfolk siren (D)
  A yaktaur (D)
  A hornet (D)
  3 polar bears (D)
  A blink frog (D)
  Menkaure (D)
  5 water moccasins (D)
  4 scorpions (D)
  3 worms (D)
  5 tentacles (D)
33 creatures vanquished.

Vanquished Creatures (others)
  10 tentacles (D)
10 creatures vanquished.

Grand Total: 43 creatures vanquished

Notes
Turn   | Place    | Note
-------+----------+-------------------------------------------
     0 | D        | manyhoops the Troll Berserker began the quest for the Orb.
     0 | D        | Reached XP level 1. HP: 22/22 MP: 0/0
    11 | D        | Reached skill level 4 in Unarmed Combat
    17 | D        | Reached ** piety under Trog
    18 | D        | Reached XP level 2. HP: 17/31 MP: 1/1
    32 | D        | Noticed a boulder beetle
    32 | D        | Noticed a boulder beetle
    35 | D        | Noticed a scorpion
    35 | D        | Noticed a scorpion
    35 | D        | Noticed a scorpion
    35 | D        | Noticed a scorpion
    41 | D        | Killed a scorpion
    42 | D        | Reached skill level 5 in Fighting
    42 | D        | Reached skill level 6 in Unarmed Combat
    42 | D        | Reached XP level 3. HP: 42/42 MP: 2/2
    42 | D        | Reached XP level 4. HP: 50/50 MP: 3/3
    43 | D        | Killed a scorpion
    44 | D        | Reached skill level 7 in Unarmed Combat
    44 | D        | Killed a scorpion
    45 | D        | Reached skill level 8 in Unarmed Combat
    45 | D        | Reached XP level 5. HP: 61/61 MP: 4/4
    46 | D        | Reached *** piety under Trog
    47 | D        | Reached skill level 9 in Unarmed Combat
    50 | D        | Noticed a merfolk siren
    57 | D        | Killed a merfolk siren
    58 | D        | Reached skill level 12 in Unarmed Combat
    58 | D        | Reached XP level 6. HP: 57/74 MP: 5/5
    58 | D        | Reached XP level 7. HP: 62/81 MP: 6/6
    61 | D        | Noticed Menkaure
    63 | D        | Killed Menkaure
    63 | D        | Reached **** piety under Trog
    66 | D        | Noticed an obsidian statue
    75 | D        | Found Qirarew's Antique Weapon Shoppe.
    75 | D        | Found Iklavocro's Jewellery Emporium.
    76 | D        | Found Mimairab's Magic Scroll Shoppe.
    76 | D        | Found Nymo Uve's Armour Emporium.
    77 | D        | Found Ciekein's Book Shoppe.
    77 | D        | Found Oneko's Jewellery Emporium.
    78 | D        | Found Tanyasmu's Antique Armour Shoppe.
    78 | D        | Found Degeext's Antique Armour Emporium.
    79 | D        | Found Ynaixe's Magic Scroll Shoppe.
    80 | D        | Found Tihauz's Distillery.
    80 | D        | Noticed an iron elemental
    83 | D        | Found Febov's Distillery.
    83 | D        | Found Guxzewaob's Distillery.
    83 | D        | Noticed an oklob plant
    86 | D        | Found Neazutig's Jewellery Shoppe.
    86 | D        | Found Lek Wyer's Armour Emporium.
    86 | D        | Found Bonn's Book Shoppe.
    86 | D        | Noticed a yak
    89 | D        | Bought a +2 robe of resistance for 377 gold pieces
   112 | D        | Killed a boulder beetle
   113 | D        | Reached skill level 10 in Fighting
   113 | D        | Reached skill level 14 in Unarmed Combat
   113 | D        | Reached XP level 8. HP: 45/94 MP: 7/7
   142 | D        | Noticed an orange crystal statue
   149 | D        | Noticed a blink frog
   152 | D        | Killed a blink frog
   175 | D        | Killed a boulder beetle
   176 | D        | Reached skill level 16 in Unarmed Combat
   176 | D        | Reached XP level 9. HP: 45/105 MP: 8/8
   179 | D        | Bought an amulet of regeneration for 420 gold pieces
   203 | D        | Found an opulent altar of Gozag.
   204 | D        | Found a blossoming altar of Fedhas.
   205 | D        | Found a white marble altar of Elyvilon.
   205 | D        | Found a burning altar of Makhleb.
   205 | D        | Found a sparkling altar of Nemelex Xobeh.
   206 | D        | Found a shadowy altar of Dithmenos.
   206 | D        | Found a corrupted altar of Lugonu.
   206 | D        | Found a hide-covered altar of Uskayaw.
   206 | D        | Found an iron altar of Okawaru.
   206 | D        | Found a radiant altar of Vehumet.
   207 | D        | Found a snail-covered altar of Cheibriados.
   207 | D        | Found an ancient bone altar of Kikubaaqudgha.
   207 | D        | Found a bloodstained altar of Trog.
   207 | D        | Found a glowing silver altar of Zin.
   210 | D        | Found a viscous altar of Jiyva.
   210 | D        | Found a shimmering blue altar of Sif Muna.
   210 | D        | Found a basalt altar of Yredelemnul.
   211 | D        | Found a hazy altar of Hepliaklqana.
   211 | D        | Found a sacrificial altar of Ru.
   212 | D        | Found a stormy altar of Qazlal.
   212 | D        | Found an ornate altar of the Wu Jian Council.
   212 | D        | Found a shimmering altar of Xom.
   220 | D        | Noticed a kraken
   229 | D        | Reached ***** piety under Trog
   234 | D        | Found a glowing golden altar of the Shining One.
   423 | D        | Killed a kraken
   424 | D        | Reached skill level 18 in Unarmed Combat
   479 | D        | Noticed a deep troll
   481 | D        | Noticed a deep troll
   483 | D        | Killed a deep troll
   484 | D        | Reached XP level 10. HP: 117/117 MP: 9/9
   488 | D        | Killed a deep troll
   489 | D        | Reached skill level 19 in Unarmed Combat
   537 | D        | Noticed a sphinx
   537 | D        | Noticed a sphinx
   543 | D        | Killed a sphinx
   547 | D        | Killed a sphinx
   547 | D        | Received a gift from Trog
   548 | D        | Reached skill level 20 in Unarmed Combat
   599 | D        | Paralysed by a hornet for 3 turns
   610 | D        | Reached skill level 21 in Unarmed Combat
   619 | D        | Reached XP level 11. HP: 45/127 MP: 10/10
   660 | D        | Bought the ring "Ronimn" {rF++ rC+ rN+ rCorr Str-2} for 771
                  | gold pieces
   662 | D        | Bought a scroll of identify for 26 gold pieces
   662 | D        | Bought a scroll of identify for 26 gold pieces
   662 | D        | Bought a scroll of identify for 26 gold pieces
   662 | D        | Bought a scroll of identify for 26 gold pieces
   693 | D        | Noticed a soul eater
   694 | D        | Killed an obsidian statue
   699 | D        | Noticed a yaktaur captain
   706 | D        | Shot with a bolt by a yaktaur captain

Illustrated notes

Levels and vault maps discovered:
D:        the_violet_keep_of_menkaure [sprint2_stairs_cluster_1,
          sprint2_shoproom, sprint2_temple, sprint2_basic_supplies,
          sprint2_obstacle_4, sprint2_obstacle_6, sprint2_obstacle_3,
          sprint2_obstacle_5, sprint2_obstacle_1, sprint2_timed_cluster_1,
          sprint2_smallroom_cluster_1, sprint2_smallroom_final_cluster_1,
          sprint2_transparent_cluster_1, sprint2_second_timed_cluster_1,
          sprint2_sniper_area_1, sprint2_heavy_combat_area_1,
          sprint2_mutation_trap_area_1, sprint2_forest_area_1,
          sprint2_light_combat_area_1, sprint2_behind_water_1,
          sprint2_near_end_vault_1]

Skill      XL: |  1  2  3  4  5  6  7  8  9 10 |
---------------+-------------------------------+-----
Fighting       | 3 5 6 8 10 11 12 13 | 13.7
Unarmed Combat | 4 6 8 12 14 16 18 21 | 21.5
Dodging        | |  2.4

Action                   |  1- 3 |  4- 6 |  7- 9 | 10-12 || total
-------------------------+-------+-------+-------+-------++-------
Melee: Unarmed           |    17 |    10 |    62 |    37 ||   126
       Punch             |     2 |     1 |     6 |     5 ||    14
Invok: Berserk           |     1 |       |     3 |     3 ||     7
       Trog's Hand       |       |       |     2 |     2 ||     4
  Use: Potion            |       |       |     5 |     3 ||     8
       Scroll            |       |       |     3 |     4 ||     7
 Stab: Sleeping          |       |       |     1 |       ||     1
Armor: Animal skin       |     1 |       |       |       ||     1
       Robe              |       |       |    13 |       ||    13
       Troll leather arm |       |       |       |    23 ||    23
Dodge: Dodged            |     3 |     1 |    21 |    19 ||    44

Table legend: (Time is in decaauts)
 A = Elapsed time spent in this place.
 B = Non-inter-level travel time spent in this place.
 C = Inter-level travel time spent in this place.
 D = Time resting spent in this place.
 E = Time spent auto-exploring this place.
 F = Levels seen in this place.
 G = Mean time per level.
                   A        B        C        D        E       F      G
               +--------+--------+--------+--------+--------+-----+--------+
         Total |    819 |    819 |      0 |     15 |     92 |   1 |  819.0 |
       Dungeon |    819 |    819 |      0 |     15 |     92 |   1 |  819.0 |
               +--------+--------+--------+--------+--------+-----+--------+

Top non-repeatable levels by time:
       D: 819 daAuts
